 Dungeon Crawl Stone Soup version 0.31.0-11-ge490571c62 (webtiles) character file.

Game seed: 8851382619358305157

21558 Curundu the Cleaver (level 12, -2/113 HPs)
             Began as a Minotaur Berserker on Jan 29, 2024.
             Was a High Priest of Trog.
             Slain by a bog body (20 damage)
             ... on level 1 of the Lair of Beasts.
             The game lasted 00:39:21 (12242 turns).

Curundu the Cleaver (Minotaur Berserker)           Turns: 12242, Time: 00:39:21

Health: -2/113     AC: 19    Str: 31    XL:     12   Next: 55%
Magic:  11/11      EV: 10    Int: 10    God:    Trog [*****.]
Gold:   626        SH: 11    Dex: 15    Spells: 11/11 levels left

rFire   . . .        e - +2 hand axe (heavy)
rCold   . . .        H - +0 kite shield
rNeg    . . .        A - +0 plate armour
rPois   .            (helmet restricted)
rElec   .            a - +0 cloak
rCorr   .            (no gloves)
SInv    .            h - +0 pair of boots
Will    .....        (no amulet) Stlth
                     d - +6 ring of strength
HPRegen 0.38/turn    o - ring "Wegacats" {Int+6 Dex+3 Stlth+}
MPRegen 0.12/turn

%: no passive effects
@: slowed, very slow
A: horns 2, retaliatory headbutt
a: Renounce Religion, Berserk, Trog's Hand, Brothers in Arms


You were on level 1 of the Lair of Beasts.
You worshipped Trog.
Trog was extremely pleased with you.
You visited 2 branches of the dungeon, and saw 12 of its levels.
You also visited: Bailey.

You collected 626 gold pieces.

Inventory:

Hand Weapons
 e - a +2 heavy hand axe (weapon)
 r - a +0 broad axe
 z - a +2 falchion of flaming
 B - a +1 war axe
Missiles
 q - a throwing net
 C - 5 boomerangs (quivered)
Armour
 a - a +0 cloak (worn)
 h - a +0 pair of boots (worn)
 A - a +0 plate armour (worn)
 H - a +0 kite shield (worn)
Jewellery
 d - a +6 ring of strength (left hand)
 o - the ring "Wegacats" (right hand) {Int+6 Dex+3 Stlth+}
   (You found it on level 2 of the Dungeon)

   [ring of intelligence]

   Int+6:     It affects your intelligence (+6).
   Dex+3:     It affects your dexterity (+3).
   Stlth+:    It makes you more stealthy.
 E - a ring of resist corrosion
 I - a +6 ring of intelligence
 K - a ring of fire
 P - a ring of ice
Wands
 n - a wand of flame (8)
 y - a wand of charming (33)
 F - a wand of roots (5)
 N - a wand of acid (5)
Scrolls
 l - a scroll of fear
 s - a scroll of revelation
 t - 3 scrolls of teleportation
 u - 3 scrolls of enchant weapon
 v - 2 scrolls of fog
 x - a scroll of blinking
 J - a scroll of enchant armour {unknown}
 L - 2 scrolls of poison {unknown}
 M - 2 scrolls of identify
 O - a scroll of vulnerability
Potions
 b - 4 potions of haste
 c - 2 potions of might
 f - 3 potions of lignification
 g - 4 potions of mutation
 i - a potion of heal wounds
 j - 2 potions of enlightenment
 k - 5 potions of curing {unknown}
 m - 2 potions of invisibility {unknown}
 p - a potion of degeneration {unknown}
 w - a potion of resistance {unknown}
 D - 2 potions of magic {unknown}
 G - a potion of berserk rage {unknown}


   Skills:
 + Level 12.5 Fighting
 + Level 14.9 Axes
 + Level 13.9 Armour
 + Level 5.2 Dodging
 - Level 1.1 Stealth
 * Level 7.8 Shields


You had 11 spell levels left.
You didn't know any spells.
Your spell library was empty.

Dungeon Overview and Level Annotations

Branches:
Dungeon (11/15)            Temple (0/1) D:6            Lair (1/5) D:10
    Orc (0/2) D:10         Bailey (visited)

Altars:
Ashenzari
Elyvilon
Hepliaklqana
Makhleb
Okawaru
Qazlal
Ru
Sif Muna
Trog
Uskayaw
Vehumet
Wu Jian
Yredelemnul
Zin

Shops:
D:3 [


Innate Abilities, Weirdness & Mutations

You have a pair of horns on your head.
You reflexively headbutt those who attack you in melee.


Message History

You closely miss the ice devil. Your headbutt misses the ice devil.
You block the ice devil's attack.
You barely miss the ice devil. The ice devil hits you.
The ice devil freezes you!!
You hit the ice devil. You headbutt the ice devil.
The ice devil is lightly wounded.
The ice devil misses you.
You slash the ice devil! You headbutt the ice devil.
The ice devil is heavily wounded.
The ice devil closely misses you. You furiously retaliate!
You headbutt the ice devil!
A bog body comes into view.
You slice the ice devil!!
You kill the ice devil!
Trog accepts your kill.
You see here a rime drake corpse.
The bog body gestures at you while chanting.
You resist with significant effort. As you open the door, it creaks loudly!
You hear a bellow!
The bog body points at you and mumbles some strange words.
The bolt of cold hits you!!
The bog body points at you and mumbles some strange words.
The bolt of cold hits you!
* * * LOW HITPOINT WARNING * * *
There is an open door here.
There is an open door here.
It was a potion of heal wounds.
You feel much better.
The bog body points at you and mumbles some strange words.
You resist with significant effort.
The bog body points at you and mumbles some strange words.
The bolt of cold hits you!!
* * * LOW HITPOINT WARNING * * *
The bog body casts a spell at you.
You feel yourself slow down.
You hit the plant.
The plant begins to die.
The plant is lightly damaged.
A nearby plant withers and dies.
The bog body touches you.
* * * LOW HITPOINT WARNING * * *
The bog body freezes you!!
You die...

......................†........
...##P.###.....####.#.#......+#
...+.....#.....########....##.#
.. #.[.%........#....#.....##..
#.....#.....##....##........
............##....##.....#>.
.#.....#......#....##....##.#
+.#.#.......###.# #.......P
..........@##.#'###........
..........n......†........
.................†..~~~~~~
#.#####P.#####.#†~~~~~~~~~ ##
#### ~~~~~~~~~~~~~~
~~~~~~~≈~~.~....
~~~~≈≈~≈~..~......
~~≈≈~.≈~~.........
~≈≈≈≈~~.......8$/!


You could see a bog body.

Vanquished Creatures
  The ghost of Zeo the Marksminotaur, a journeyman MiHu of Hepliaklqana (D:10)
  2 vault guards (Bailey)
  A two-headed ogre (D:11)
  2 death yaks (Lair:1)
  Amaemon (D:10)
  The ghost of Patrick2011b the Covert, a novice HuDe of Ru (D:7)
  An ugly thing (D:11)
  An orange demon (D:10)
  A black mamba (Lair:1)
  A gargoyle (D:11)
  2 cane toads (Lair:1)
  2 rime drakes (Lair:1)
  An ice devil (Lair:1)
  A komodo dragon (Lair:1)
  2 kobold demonologists (D:11)
  2 trolls
  Prince Ribbit (Bailey)
  2 polar bears
  2 hornets
  A wraith (D:11)
  A wyvern (D:10)
  22 yaks
  2 spriggans (D:10)
  6 humans (Bailey)
  2 basilisks (D:10)
  2 acid dragons
  8 water moccasins
  An ice beast (D:8)
  A sky beast (D:7)
  3 orc warriors
  4 ogres
  A black bear (Lair:1)
  8 centaurs
  5 wolves
  3 phantoms
  4 kobold brigands
  Blork the orc (D:4)
  20 bullfrogs
  2 scorpions
  A gnoll sergeant (D:9)
  7 wights
  17 killer bees
  2 howler monkeys (D:8)
  3 hounds
  3 jellies
  6 orc priests
  A sleepcap (D:7)
  2 gnoll boudas (D:7)
  4 iguanas
  8 orc wizards
  11 gnolls
  3 adders
  3 shadow imps
  3 white imps
  2 ufetubi (D:6)
  2 ribbon worms
  3 dart slugs
  36 orcs
  5 endoplasms
  3 giant cockroaches
  8 goblins
  6 hobgoblins
  5 jackals
  5 quokkas
  5 ball pythons
  7 bats
  4 frilled lizards
  22 kobolds
  5 rats
316 creatures vanquished.

Notes
Turn   | Place    | Note
-------+----------+-------------------------------------------
     0 | D:1      | Curundu the Minotaur Berserker began the quest for the Orb.
     0 | D:1      | Reached XP level 1. HP: 19/19 MP: 0/0
   206 | D:1      | Reached skill level 4 in Axes
   206 | D:1      | Reached XP level 2. HP: 27/27 MP: 1/1
   906 | D:2      | Reached ** piety under Trog
   907 | D:2      | Reached XP level 3. HP: 31/33 MP: 2/2
  1235 | D:2      | Identified the ring "Wegacats" {Int+6 Dex+3 Stlth+}
  1499 | D:3      | Found Wonoveos's Antique Armour Shoppe.
  1627 | D:3      | Reached XP level 4. HP: 37/41 MP: 3/3
  1808 | D:3      | Reached skill level 5 in Axes
  2365 | D:4      | Noticed Blork the orc
  2374 | D:4      | Killed Blork the orc
  2375 | D:4      | Reached XP level 5. HP: 28/47 MP: 4/4
  2434 | D:4      | Found a white marble altar of Elyvilon.
  2539 | D:4      | Reached skill level 6 in Axes
  2664 | D:4      | Noticed a phantom
  2673 | D:4      | Killed a phantom
  2674 | D:4      | Reached XP level 6. HP: 51/53 MP: 5/5
  2866 | D:4      | Found a bloodstained altar of Trog.
  3093 | D:5      | Entered Level 5 of the Dungeon
  3320 | D:5      | Found a stormy altar of Qazlal.
  3375 | D:5      | Reached skill level 5 in Armour
  3554 | D:5      | Reached *** piety under Trog
  3587 | D:5      | Reached skill level 7 in Axes
  3587 | D:5      | Reached XP level 7. HP: 20/60 MP: 6/6
  4074 | D:6      | Reached skill level 5 in Fighting
  4104 | D:6      | Reached skill level 8 in Axes
  4105 | D:6      | Reached XP level 8. HP: 26/68 MP: 7/7
  4324 | D:6      | Found a staircase to the Ecumenical Temple.
  4332 | D:6      | You fall into a shaft and drop 2 floors!
  4332 | D:8      | Found a flagged portal.
  4338 | Bailey   | Entered a bailey
  4354 | Bailey   | Reached skill level 9 in Axes
  4381 | Bailey   | Reached skill level 1 in Stealth
  4490 | Bailey   | Reached skill level 10 in Axes
  4506 | Bailey   | Reached XP level 9. HP: 31/78 MP: 8/8
  4759 | Bailey   | Noticed a vault guard
  4776 | Bailey   | Killed a vault guard
  4777 | Bailey   | Reached skill level 11 in Axes
  4917 | Bailey   | Noticed a vault guard
  4917 | Bailey   | Noticed Prince Ribbit
  4926 | Bailey   | Killed a vault guard
  4936 | Bailey   | Killed Prince Ribbit
  4937 | Bailey   | Reached skill level 12 in Axes
  5027 | Bailey   | Reached XP level 10. HP: 77/88 MP: 9/9
  5162 | D:8      | Found a basalt altar of Yredelemnul.
  5210 | D:8      | Reached skill level 10 in Armour
  5508 | D:7      | Reached skill level 13 in Axes
  5645 | D:7      | Reached **** piety under Trog
  5871 | D:6      | Found a radiant altar of Vehumet.
  6369 | D:6      | Found an ornate altar of the Wu Jian Council.
  6369 | D:6      | Found a hide-covered altar of Uskayaw.
  6369 | D:6      | Found a burning altar of Makhleb.
  6369 | D:6      | Found a broken altar of Ashenzari.
  6370 | D:6      | Found a sacrificial altar of Ru.
  6370 | D:6      | Found a hazy altar of Hepliaklqana.
  6372 | D:6      | Found an iron altar of Okawaru.
  6372 | D:6      | Found a glowing silver altar of Zin.
  6372 | D:6      | Found a shimmering blue altar of Sif Muna.
  6879 | D:7      | Noticed Patrick2011b's ghost (novice HuDe)
  6886 | D:7      | Found a runed translucent gate.
  6886 | D:7      | Found a runed translucent gate.
  6886 | D:7      | Found a runed translucent gate.
  7054 | D:7      | Killed Patrick2011b's ghost
  7185 | D:8      | Paralysed by a hornet for 2 turns
  7192 | D:8      | Reached skill level 10 in Fighting
  7231 | D:8      | Reached XP level 11. HP: 54/99 MP: 10/10
  7616 | D:9      | Reached skill level 5 in Dodging
  8555 | D:10     | Entered Level 10 of the Dungeon
  8555 | D:10     | Noticed Amaemon
  8566 | D:10     | Killed Amaemon
  8570 | D:10     | Reached skill level 14 in Axes
  8593 | D:10     | Found a staircase to the Orcish Mines.
  8711 | D:10     | Found a staircase to the Lair.
  8720 | D:10     | Reached skill level 1 in Shields
  9062 | D:10     | Found a runed translucent door.
  9063 | D:10     | Noticed Zeo's ghost (journeyman MiHu)
  9063 | D:10     | Identified the +4 trident "Toyr" {heavy, SInv}
  9201 | D:10     | Reached ***** piety under Trog
  9315 | D:10     | Paralysed by a hornet for 1 turns
 10008 | D:10     | Killed Zeo's ghost
 10363 | D:11     | Noticed a cyan ugly thing
 10364 | D:11     | Noticed a two-headed ogre
 10384 | D:11     | Killed a cyan ugly thing
 10396 | D:11     | Reached XP level 12. HP: 24/112 MP: 11/11
 10445 | D:11     | Killed a two-headed ogre
 11040 | D:11     | Reached skill level 5 in Shields
 11486 | Lair:1   | Entered Level 1 of the Lair of Beasts
 11852 | Lair:1   | Noticed a death yak
 11852 | Lair:1   | Noticed a death yak
 11968 | Lair:1   | Noticed a death yak
 11996 | Lair:1   | Killed a death yak
 12008 | Lair:1   | Killed a death yak
 12242 | Lair:1   | Slain by a bog body

Illustrated notes

Levels and vault maps discovered:
D:1:      lightli_arrival_windingriver, layout_loops_ring,
          kennysheep_small_spiral
D:2:      layout_rooms, hangedman_feature_mirror
D:3:      layout_basic, serial_shops, shop, item_on_display_a
D:4:      layout_gridville, nicolae_overflow_hidden_temple, elyvilon_altar_3,
          uniq_blork_the_orc
D:5:      minmay_skewed_foursquare, layout_cave_pools, grunt_qazlal_clouds
D:6:      layout_basic, nicolae_overflows_in_rows, general_overflow_altar,
          minmay_temple_entry_glassed_door
D:7:      layout_basic, gammafunk_ghost_split, grunt_ministairs_8
D:8:      layout_rooms, mainiacjoe_overflow_boulevard, enter_bailey_2
D:9:      layout_basic
D:10:     layout_loops_corners, minmay_lair_entry_grove, orc_0_dummy,
          ebering_ghost_funeral_grove, uniq_amaemon
D:11:     layout_rooms
Lair:1:   dreamdust_isle_of_ice, layout_regular_city

Skill      XL: |  1  2  3  4  5  6  7  8  9 10 11 12 |
---------------+-------------------------------------+-----
Axes           | 4 5 6 7 8 10 12 13 14 | 14.9
Fighting       | 4 5 6 8 10 11 12 | 12.5
Armour         | 3 4 5 7 9 11 13 | 13.9
Dodging        | 3 4 5 |  5.2
Stealth        | 1 |  1.1
Shields        | 4 7 |  7.8

Action                     |  1- 3 |  4- 6 |  7- 9 | 10-12 || total
---------------------------+-------+-------+-------+-------++-------
  Melee: Hand axe          |    97 |    87 |    36 |   486 ||   706
         Headbutt          |     8 |    14 |    23 |    95 ||   140
         Punch             |       |     1 |     3 |     3 ||     7
         War axe           |       |       |    77 |       ||    77
 Invoke: Trog's Hand       |       |     3 |     4 |     9 ||    16
         Berserk           |       |       |     4 |     6 ||    10
    Use: Scroll            |       |       |    12 |     4 ||    16
         Potion            |       |       |       |     1 ||     1
   Stab: Sleeping          |     1 |       |       |       ||     1
 Armour: Animal skin       |    32 |       |       |       ||    32
         Chain mail        |    21 |    81 |   111 |    36 ||   249
         Plate armour      |       |       |       |   406 ||   406
  Dodge: Dodged            |    69 |    43 |    74 |   217 ||   403
  Block: Kite shield       |       |       |       |   145 ||   145
